 Dungeon Crawl Stone Soup version 0.30-a0-359-gd0147acb1a (webtiles) character file.

Game seed: 10851293522452431060

56366 bande the Cleaver (level 14, -3/88 HPs)
             Began as a Gargoyle Fighter on Nov 12, 2022.
             Was the Champion of Okawaru.
             Shot with an arrow by Nessos (11 damage)
             ... on level 13 of the Dungeon.
             The game lasted 00:43:15 (18348 turns).

bande the Cleaver (Gargoyle Fighter)               Turns: 18348, Time: 00:43:15

Health: -3/88      AC: 37    Str: 23    XL:     14   Next: 81%
Magic:  22/22      EV: 16    Int: 16    God:    Okawaru [******]
Gold:   1008       SH:  9    Dex: 24    Spells: 13/13 levels left

rFire   . . .      SeeInvis .    b - +3 broad axe of Extermination {vamp, rPois Will+ Int+7 Dex-2}
rCold   + + .      Faith    .    c - +0 buckler
rNeg    + . .      Spirit   .    w - +9 chain mail of the Hippo {rPois Str+4}
rPois   ∞          Reflect  .    H - +1 hat {Will+}
rElec   +          Harm     .    (no cloak)
rCorr   .          Rampage  .    U - +1 pair of gloves {Dex+3}
Will    ++++.                    N - -1 pair of boots "Ycaes" {*Corrode Will+ Slay+5}
Stlth   ..........               D - amulet of Winter {rPois rC+ Regen+}
HPRegen 1.14/turn                u - +6 ring of dexterity
MPRegen 0.18/turn                Q - +4 ring of evasion

@: heroic, flying
A: sickness immunity, AC +10, big wings, negative energy resistance 1,
electricity resistance, torment resistance 1, petrification resistance, fangs 1,
horns 1, agile 1, cold resistance 1
a: Renounce Religion, Heroism, Finesse, Duel


You were on level 13 of the Dungeon.
You worshipped Okawaru.
Okawaru was exalted by your worship.
You visited 2 branches of the dungeon, and saw 19 of its levels.
You also visited: Gauntlet.

You collected 1502 gold pieces.
You spent 494 gold pieces at shops.

Inventory:

Hand Weapons
 a - a +0 war axe of flaming
 b - the +3 broad axe of Extermination (weapon) {vamp, rPois Will+ Int+7 Dex-2}
   (You acquired it on level 4 of the Dungeon)

   It occasionally heals its wielder for a portion of the damage dealt when it
   wounds a living foe.
   Int:       It affects your intelligence (+7).
   Dex:       It affects your dexterity (-2).
   rPois:     It protects you from poison.
   Will:      It increases your willpower.
 O - a +1 broad axe of electrocution
Missiles
 A - 3 throwing nets (quivered)
Armour
 c - a +0 buckler (worn)
 p - a +1 helmet of see invisible
 w - the +9 chain mail of the Hippo (worn) {rPois Str+4}
   (You took it off an orc on level 3 of the Dungeon)

   Str:       It affects your strength (+4).
   rPois:     It protects you from poison.
 H - a +1 hat of willpower (worn)
 N - the -1 pair of boots "Ycaes" (worn) {*Corrode Will+ Slay+5}
   (You bought it in a shop on level 3 of the Dungeon)

   Slay:      It affects your accuracy & damage with ranged weapons and melee
   (+5).
   *Corrode:  It may corrode you when you take damage.
   Will:      It increases your willpower.
 U - a +1 pair of gloves of dexterity (worn)
 V - +0 pearl dragon scales
 X - a +1 chain mail of cold resistance
Jewellery
 g - a ring of resist corrosion
 u - a +6 ring of dexterity (left hand)
 D - the amulet of Winter (around neck) {rPois rC+ Regen+}
   (You found it in a Gauntlet)

   [amulet of regeneration]

   rC:        It protects you from cold.
   rPois:     It protects you from poison.
   Regen:     It increases your rate of health regeneration.
 F - a ring of protection from cold
 J - the ring of Zaim {Dex+5 Slay+4}
   (You took it off a minotaur in a Gauntlet)

   [ring of slaying]

   Dex:       It affects your dexterity (+5).
   Slay:      It affects your accuracy & damage with ranged weapons and melee
   (+4).
 L - a ring of flight
 P - an amulet of the acrobat
 Q - a +4 ring of evasion (right hand)
 R - a ring of protection from fire
 T - a ring of positive energy
 Y - an amulet of guardian spirit
Wands
 n - a wand of quicksilver (22)
 x - a wand of flame (21)
 B - a wand of roots (24)
 E - a wand of paralysis (20)
Scrolls
 j - 2 scrolls of amnesia
 k - 9 scrolls of blinking
 m - 2 scrolls of fear
 q - 6 scrolls of fog
 s - 8 scrolls of teleportation
 t - a scroll of acquirement
 y - a scroll of brand weapon
 C - 5 scrolls of magic mapping
 I - 7 scrolls of identify
 S - 3 scrolls of poison
 Z - a scroll of enchant armour
Potions
 d - 4 potions of might
 e - 13 potions of curing
 f - 2 potions of heal wounds
 h - 2 potions of haste
 i - 4 potions of ambrosia
 l - 3 potions of cancellation
 o - 8 potions of magic
 r - a potion of invisibility
 v - 6 potions of mutation
 z - 4 potions of brilliance
 M - 3 potions of berserk rage
 W - 2 potions of flight
Miscellaneous
 G - a lightning rod (4/4)
 K - a lightning rod (4/4)


   Skills:
 + Level 10.5(15.5) Fighting
 + Level 14.6(19.6) Axes
 + Level 10.1(15.1) Armour
 + Level 8.6(13.6) Shields
 * Level 11.2 Invocations
 * Level 9.5 Evocations


You had 13 spell levels left.
You didn't know any spells.
Your spell library contained the following spells:

 Spells                   Type           Power      Damage    Failure   Level
 Apportation              Tloc           0%         N/A       78%         1
 Necrotise                Necr           0%         1d4       78%         1
 Shock                    Conj/Air       0%         1d3       78%         1
 Ensorcelled Hibernation  Hex/Ice        0%         N/A       89%         2
 Dazzling Flash           Conj/Hex       0%         N/A       98%         3
 Frozen Ramparts          Ice            0%         1d1       98%         3
 Portal Projectile        Hex/Tloc       0%         N/A       98%         3
 Spider Form              Tmut/Pois      0%         N/A       98%         3
 Swiftness                Air            0%         N/A       98%         3
 Airstrike                Air            0%         2d(0-16)  100%        4
 Anguish                  Hex/Necr       0%         N/A       100%        4
 Ice Form                 Ice/Tmut       0%         N/A       100%        4
 Iskenderun's Mystic Bla  Conj/Tloc      0%         2d3       100%        4
 Leda's Liquefaction      Hex/Erth       0%         N/A       100%        4
 Passage of Golubria      Tloc           0%         N/A       100%        4
 Blade Hands              Tmut           0%         N/A       100%        5
 Freezing Cloud           Conj/Ice/Air   0%         6-21      100%        5
 Irradiate                Conj/Tmut      0%         3d11      100%        5
 Silence                  Hex/Air        0%         N/A       100%        5
 Conjure Ball Lightning   Conj/Air       0%         3x3d6     100%        6
 Starburst                Conj/Fire      0%         6d3       100%        6
 Dragon Form              Tmut           0%         N/A       100%        7
 Discord                  Hex            0%         N/A       100%        8
 Disjunction              Tloc           0%         N/A       100%        8
 Lehudib's Crystal Spear  Conj/Erth      0%         10d2      100%        8
 Chain Lightning          Conj/Air       0%         N/A       100%        9
 Polar Vortex             Ice            0%         N/A       100%        9
 Summon Small Mammal      Summ           Unusable   N/A       N/A         1
 Call Canine Familiar     Summ           Unusable   N/A       N/A         3
 Summon Ice Beast         Ice/Summ       Unusable   N/A       N/A         4
 Simulacrum               Ice/Necr       Unusable   N/A       N/A         6

Dungeon Overview and Level Annotations

Branches:
Dungeon (14/15) Temple (0/1) D:7 Lair (5/5) D:9 Shoals (0/4) Lair:3 Spider (0/4) Lair:2 Slime (0/5) Lair:4 Orc (0/2) D:9 Vaults (0/5) D:13 D:14 Gauntlet (visited)

Altars:
Ashenzari
Cheibriados
Dithmenos
Elyvilon
Fedhas
Gozag
Kikubaaqudgha
Nemelex Xobeh
Okawaru
Qazlal
Ru
Sif Muna
Trog
Uskayaw
Wu Jian
Yredelemnul
The Shining One

Shops:
D:3 *   D:8 !   D:12 *((?[

Portals:
Trove: D:11 (give 14 scrolls of teleportation)

Annotations:
D:13 Nessos


Innate Abilities, Weirdness & Mutations

You are immune to sickness and miasma.
Your stone body is resilient. (AC +10)
You are immune to poison.
Your large and strong wings let you fly.
You resist negative energy. (rN+)
You are resistant to electric shocks. (rElec)
You are resistant to unholy torment.
You are immune to petrification.
You have very sharp teeth.
You have a pair of small horns on your head.
You are agile. (Dex +4, Str/Int -1)
Your flesh is cold resistant. (rC+)


Message History

Nessos shoots an arrow.
The arrow closely misses you.
Nessos shoots an arrow.
You block the arrow.
Nessos shoots an arrow.
The arrow hits you.
* * * LOW HITPOINT WARNING * * *
The arrow burns you.
* * * LOW HITPOINT WARNING * * *
Nessos shoots an arrow.
The arrow hits you but does no damage.
Nessos unwields a +2 longbow of flaming.
It stops flaming.
Nessos hits you but does no damage.
You block Nessos's attack. x2; Nessos kicks you but does no damage.
You slash Nessos!
Nessos is moderately wounded.
Nessos hits you but does no damage. Nessos kicks you but does no damage.
You hit Nessos.
You feel better.
You headbutt Nessos.
Nessos is heavily wounded.
Nessos mumbles some strange words.
Nessos blinks!
Nessos wields a +2 longbow of flaming.
It bursts into flame!
Nessos shoots an arrow.
You block the arrow.
Unknown command.
Nessos shoots an arrow.
You block the arrow.
Nessos mumbles some strange words.
Nessos blinks!
Nessos shoots an arrow.
You block the arrow.
Nessos shoots an arrow.
The arrow barely misses you.
Nessos shoots an arrow.
The arrow misses you.
Nessos casts a spell.
Nessos blinks!
Nessos pounds the earth with their hooves.
Nessos shoots an arrow.
You block the arrow.
Nessos shoots an arrow.
The arrow hits you!
* * * LOW HITPOINT WARNING * * *
The arrow burns you.
* * * LOW HITPOINT WARNING * * *
Nessos gestures wildly while chanting.
Nessos blinks!
Nessos shoots an arrow.
The arrow hits you.
* * * LOW HITPOINT WARNING * * *
The arrow burns you.
* * * LOW HITPOINT WARNING * * *
Nessos shoots an arrow.
The arrow hits you!
You die...

########## .........#
####### #########
.........### #.....#
#........
.........'.###..c..#
#........
.........#..##.....#
#........
.........##..#.....#
#........
..)......###.#..@..#
#........ .........#
#.#.....# #..<.....
.........#
#.#.§...######........
.........#
#.....[)....##........
.........#
###..[>[###..'........
.........# #...[.#
####........
#####'#### ###.###
####'#### #..# #.# #.#
##.# #.# #.#


You could see Nessos (fast).

Vanquished Creatures
  Rupert (D:13)
  Gastronok (D:9)
  A minotaur (Gauntlet)
  The ghost of Ecodaop the Covert, a journeyman VSEn of Sif Muna (Lair:5)
  A fire dragon (Lair:5)
  Harold (D:10)
  4 hydras
  3 boulder beetles
  2 centaur warriors (D:13)
  2 catoblepae
  3 death yaks (Lair:5)
  A tengu warrior (D:13)
  Urug (D:13)
  The ghost of LutherGrant the Cutter, a novice VSFi of Cheibriados (D:8)
  2 swamp dragons
  An orc knight (D:13)
  An obsidian statue (Lair:1)
  3 deep elf pyromancers
  An oklob plant (Gauntlet)
  2 cyclopes (D:13)
  2 manticores
  11 elephants
  3 black mambas
  3 gargoyles
  A torpor snail (Gauntlet)
  A rime drake (Lair:5)
  9 cane toads
  A kobold demonologist (D:10)
  2 unseen horrors
  12 komodo dragons
  A tengu conjurer (D:13)
  3 polar bears
  5 trolls
  3 blink frogs (Lair:1)
  2 hornets
  11 slime creatures
  Sigmund (D:4)
  A jumping spider (Lair:2)
  3 culicivoras (Lair:2)
  3 shadows
  8 flying skulls (Gauntlet)
  16 humans (D:13)
  Eustachio (D:5)
  4 basilisks
  30 yaks
  A wraith (D:11)
  3 wyverns
  2 steam dragons (Lair:5)
  3 redbacks (Lair:2)
  9 vampire mosquitoes (D:13)
  Menkaure (D:5)
  3 acid dragons
  9 water moccasins
  An ice beast (D:5)
  2 swamp drakes (Lair:5)
  4 orc warriors
  A black bear (D:7)
  A sky beast (D:6)
  10 centaurs
  5 ogres
  5 wolves (Lair:2)
  4 phantoms
  A kobold brigand (D:8)
  8 bullfrogs
  2 gnoll sergeants
  2 scorpions (D:5)
  8 wights
  7 killer bees (D:7)
  3 electric eels
  4 howler monkeys
  A lava snake (D:9)
  7 orc priests
  8 iguanas
  14 orc wizards
  Robin (D:4)
  10 gnolls
  3 adders
  3 shadow imps
  5 white imps
  An ufetubus (D:6)
  3 worms
  A dart slug (D:5)
  35 orcs
  10 endoplasms
  12 goblins
  11 hobgoblins
  2 jackals (D:5)
  6 quokkas
  12 ball pythons
  10 bats
  2 frilled lizards
  10 kobolds
  2 rats (D:2)
  A butterfly (D:7)
439 creatures vanquished.

Vanquished Creatures (others)
  A centaur (D:11)
  4 fungi
  47 plants
52 creatures vanquished.

Grand Total: 491 creatures vanquished

Notes
Turn   | Place    | Note
-------+----------+-------------------------------------------
     0 | D:1      | bande the Gargoyle Fighter began the quest for the Orb.
     0 | D:1      | Reached XP level 1. HP: 14/14 MP: 1/1
   188 | D:1      | Reached XP level 2. HP: 19/19 MP: 2/2
   430 | D:1      | Reached skill level 2 in Axes
   541 | D:1      | Found a faded altar of an unknown god.
   825 | D:2      | Reached XP level 3. HP: 23/23 MP: 3/3
  1352 | D:3      | Reached XP level 4. HP: 28/28 MP: 4/4
  1457 | D:3      | Found an ornate altar of the Wu Jian Council.
  1644 | D:3      | Noticed an ogre
  1654 | D:3      | Killed an ogre
  1655 | D:3      | Reached skill level 3 in Axes
  1655 | D:3      | Reached skill level 1 in Evocations
  1655 | D:3      | Reached XP level 5. HP: 11/33 MP: 5/5
  1995 | D:3      | Found Pagh's General Store.
  2004 | D:3      | Found an iron altar of Okawaru.
  2011 | D:3      | Became a worshipper of Warmaster Okawaru
  2072 | D:3      | Identified the +9 chain mail of the Hippo {rPois Str+4}
  2109 | D:3      | Reached skill level 1 in Invocations
  2109 | D:3      | Reached XP level 6. HP: 28/38 MP: 6/6
  2274 | D:3      | Found a sacrificial altar of Ru.
  2666 | D:4      | Reached skill level 4 in Axes
  2678 | D:4      | Identified a scroll of acquirement
  2678 | D:4      | Acquired the +3 broad axe of Extermination {vamp, rPois
                  | Will+ Int+7 Dex-2}
  2844 | D:4      | Found a basalt altar of Yredelemnul.
  2889 | D:4      | Noticed Sigmund
  2898 | D:4      | Noticed Robin
  2901 | D:4      | Killed Sigmund
  2901 | D:4      | Reached * piety under Okawaru
  2902 | D:4      | Reached XP level 7. HP: 43/43 MP: 8/8
  2903 | D:4      | Killed Robin
  2936 | D:4      | Found an opulent altar of Gozag.
  3109 | D:4      | Found a white marble altar of Elyvilon.
  3368 | D:4      | Reached skill level 5 in Axes
  3477 | D:5      | Entered Level 5 of the Dungeon
  3570 | D:5      | Reached XP level 8. HP: 48/48 MP: 10/10
  3596 | D:5      | Reached skill level 5 in Armour
  3619 | D:5      | Reached ** piety under Okawaru
  3657 | D:5      | Found a glowing golden altar of the Shining One.
  3664 | D:5      | Noticed Menkaure
  3669 | D:5      | Killed Menkaure
  3770 | D:5      | Noticed Eustachio
  3789 | D:5      | Killed Eustachio
  3790 | D:5      | Reached skill level 6 in Axes
  3978 | D:5      | Reached skill level 5 in Fighting
  4404 | D:6      | Found a bloodstained altar of Trog.
  4438 | D:6      | Reached XP level 9. HP: 54/54 MP: 12/12
  4487 | D:6      | Reached *** piety under Okawaru
  4488 | D:6      | Reached skill level 7 in Axes
  5106 | D:7      | Reached skill level 5 in Shields
  5120 | D:7      | Received a gift from Okawaru
  5441 | D:7      | Reached **** piety under Okawaru
  5442 | D:7      | Reached skill level 5 in Invocations
  5488 | D:7      | Noticed a gargoyle
  5503 | D:7      | Killed a gargoyle
  5504 | D:7      | Reached skill level 8 in Axes
  5636 | D:7      | Found a staircase to the Ecumenical Temple.
  5691 | D:7      | Reached XP level 10. HP: 60/60 MP: 12/14
  6255 | D:8      | Found a runed translucent door.
  6257 | D:8      | Noticed LutherGrant's ghost (novice VSFi)
  6275 | D:8      | Found Acrausk's Distillery.
  6298 | D:8      | Bought a potion of degeneration for 12 gold pieces
  6298 | D:8      | Bought a potion of heal wounds for 60 gold pieces
  6298 | D:8      | Bought a potion of heal wounds for 60 gold pieces
  6298 | D:8      | Bought a potion of heal wounds for 60 gold pieces
  6321 | D:8      | Found an ancient bone altar of Kikubaaqudgha.
  6322 | D:8      | Found a blossoming altar of Fedhas.
  6358 | D:8      | Killed LutherGrant's ghost
  6358 | D:8      | Reached ***** piety under Okawaru
  6359 | D:8      | Reached skill level 5 in Evocations
  6413 | D:9      | Found a staircase to the Orcish Mines.
  6553 | D:9      | Found a hide-covered altar of Uskayaw.
  6876 | D:9      | Reached skill level 9 in Axes
  6920 | D:9      | Found a broken altar of Ashenzari.
  6934 | D:9      | Noticed Gastronok
  6956 | D:9      | Killed Gastronok
  7074 | D:9      | Found a staircase to the Lair.
  7287 | D:9      | Found a snail-covered altar of Cheibriados.
  7322 | D:9      | Found a sparkling altar of Nemelex Xobeh.
  7358 | D:9      | Found a shadowy altar of Dithmenos.
  7378 | D:9      | Noticed a manticore
  7392 | D:9      | Killed a manticore
  7392 | D:9      | Received a gift from Okawaru
  7393 | D:9      | Reached XP level 11. HP: 58/66 MP: 16/16
  7698 | Lair:1   | Entered Level 1 of the Lair of Beasts
  7771 | Lair:1   | Reached skill level 10 in Axes
  7792 | Lair:1   | You are sucked into a shaft and drop 1 floor!
  8046 | Lair:1   | Noticed an obsidian statue
  8560 | Lair:1   | Noticed a sixfirhy
  8571 | Lair:1   | Killed an obsidian statue
  8967 | D:3      | Bought the -1 pair of boots "Ycaes" {*Corrode Will+ Slay+5}
                  | for 302 gold pieces
  9276 | Lair:2   | Identified the +2 robe of Tabbezxa {SInv} (Okawaru gifted
                  | it to you on level 2 of the Lair of Beasts)
  9276 | Lair:2   | Received a gift from Okawaru
  9431 | Lair:2   | Noticed a catoblepas
  9444 | Lair:2   | Killed a catoblepas
  9580 | Lair:2   | Noticed a swamp dragon
  9591 | Lair:2   | Killed a swamp dragon
  9591 | Lair:2   | Reached ****** piety under Okawaru
  9592 | Lair:2   | Reached skill level 11 in Axes
  9752 | Lair:2   | Found a hole to the Spider Nest.
  9954 | Lair:3   | Noticed a boulder beetle
  9967 | Lair:3   | Killed a boulder beetle
  9968 | Lair:3   | Reached XP level 12. HP: 31/73 MP: 16/18
 10203 | Lair:3   | Found a staircase to the Shoals.
 10297 | Lair:3   | Received a gift from Okawaru
 10914 | Lair:4   | Identified the +6 tower shield "Junas" {Harm rPois}
                  | (Okawaru gifted it to you on level 4 of the Lair of Beasts)
 10914 | Lair:4   | Received a gift from Okawaru
 11246 | Lair:4   | Reached skill level 12 in Axes
 11283 | Lair:4   | Found a staircase to the Slime Pits.
 11709 | Lair:4   | Noticed a catoblepas
 11721 | Lair:4   | Killed a catoblepas
 12134 | Lair:5   | Entered Level 5 of the Lair of Beasts
 12181 | Lair:5   | Reached XP level 13. HP: 80/80 MP: 19/19
 12260 | Lair:5   | Gained mutation: You have very sharp teeth. [potion of
                  | mutation]
 12260 | Lair:5   | Gained mutation: Your large and strong wings let you fly.
                  | [potion of mutation]
 12260 | Lair:5   | Gained mutation: You are weak. (Str -2) [potion of
                  | mutation]
 12260 | Lair:5   | Gained mutation: You have a pair of small horns on your
                  | head. [potion of mutation]
 12261 | Lair:5   | Lost mutation: You are weak. (Str -2) [potion of mutation]
 12261 | Lair:5   | Lost mutation: Your large and strong wings let you fly.
                  | [potion of mutation]
 12261 | Lair:5   | Gained mutation: Your flesh is cold resistant. (rC+)
                  | [potion of mutation]
 12261 | Lair:5   | Gained mutation: You are agile. (Dex +4, Str/Int -1)
                  | [potion of mutation]
 12477 | Lair:5   | Found a runed translucent door.
 12624 | Lair:5   | Reached skill level 13 in Axes
 12957 | Lair:5   | Noticed a fire dragon
 12972 | Lair:5   | Killed a fire dragon
 13208 | Lair:5   | Noticed Ecodaop's ghost (journeyman VSEn)
 13285 | Lair:5   | Killed Ecodaop's ghost
 13285 | Lair:5   | Received a gift from Okawaru
 13464 | D:10     | Entered Level 10 of the Dungeon
 13471 | D:10     | Noticed Harold
 13481 | D:10     | Killed Harold
 13494 | D:10     | Found a shimmering blue altar of Sif Muna.
 13502 | D:10     | Reached skill level 10 in Invocations
 14362 | D:11     | Found a portal to a secret trove of treasure.
 14463 | D:11     | Identified the ring of Joallurgh {Will+ Str+2 Int+3 Dex-5}
 15042 | D:12     | Found Zedaps's Magic Scroll Emporium.
 15156 | D:12     | Found Ukiofru's General Store.
 15166 | D:12     | Gained mutation: Your large and strong wings let you fly.
                  | [Gargoyle growth]
 15166 | D:12     | Reached XP level 14. HP: 80/87 MP: 21/21
 15205 | D:12     | Found Guomi's Antique Weapon Shoppe.
 15448 | D:12     | Found Biaco's Weapon Emporium.
 15466 | D:12     | Found Beuvumich's Antique Armour Shop.
 15875 | D:13     | Reached skill level 14 in Axes
 15899 | D:13     | Reached skill level 10 in Fighting
 15949 | D:13     | Found a gate leading to a gauntlet.
 15960 | Gauntlet | Entered a Gauntlet
 15960 | Gauntlet | Found a runed translucent door.
 15960 | Gauntlet | Found a transporter.
 15960 | Gauntlet | Found a runed translucent door.
 15960 | Gauntlet | Found a transporter.
 15968 | Gauntlet | Found a transporter.
 15976 | Gauntlet | Found a transporter.
 15990 | Gauntlet | Identified the +0 rapier of Zidicedi {antimagic, SInv
                  | Stlth+} (Okawaru gifted it to you in a Gauntlet)
 15990 | Gauntlet | Received a gift from Okawaru
 16001 | Gauntlet | Found a transporter.
 16001 | Gauntlet | Found a transporter.
 16024 | Gauntlet | Found a transporter.
 16024 | Gauntlet | Found a transporter.
 16178 | Gauntlet | Found a transporter.
 16302 | Gauntlet | Found a transporter.
 16340 | Gauntlet | Found a transporter.
 16341 | Gauntlet | Found a transporter.
 16349 | Gauntlet | Identified the amulet of Winter {rPois rC+ Regen+}
 16393 | Gauntlet | Identified the ring of Zaim {Dex+5 Slay+4}
 16465 | Gauntlet | Got the Directory of the Snowy Lungs
 16508 | D:13     | Found a stormy altar of Qazlal.
 16899 | D:14     | Noticed Urug
 16899 | D:14     | Noticed Rupert
 16899 | D:14     | Noticed Nessos
 16899 | D:14     | Found a gate to the Vaults.
 16919 | D:13     | HP: 4/88 [Rupert/+3 battleaxe of venom (23)]
 16926 | D:13     | Killed Rupert
 17213 | D:13     | Received a gift from Okawaru
 17218 | D:13     | Killed Urug
 17219 | D:13     | Reached skill level 10 in Armour
 18348 | D:13     | Shot with an arrow by Nessos

Illustrated notes

Levels and vault maps discovered:
D:1:      ebering_trefoil_3fold, layout_loops_ring,
          hellmonk_ecumenical_altar_leap_of_faith
D:2:      layout_basic
D:3:      layout_loops_ring, mainiacjoe_overflow_brackets,
          okawaru_metal_pillars_3, pdpol_wu_jian_five_deadly_venoms,
          serial_bayou, serial_bayou_pond_e, serial_bayou_lake_a,
          serial_bayou_pond_c, serial_bayou_pond_b, serial_shops, shop
D:4:      layout_basic, kennysheep_ying_yang, mainiacjoe_overflow_24_doors,
          minmay_bisected, uniq_robin, uniq_sigmund
D:5:      layout_layer_cave, general_overflow_altar,
          minmay_misc_feat_four_crosses, uniq_eustachio, uniq_menkaure
D:6:      layout_basic, mainiacjoe_overflow_catwalk
D:7:      minmay_opposing_rooms, layout_rooms, minmay_temple_entry_butterflies,
          eino_jars
D:8:      layout_rooms, grunt_temple_overflow_growth_and_decay,
          gammafunk_ghost_grave, serial_shops, shop
D:9:      layout_loops_ring, nicolae_uskayaw_suspiria,
          mainiacjoe_overflow_chevrons, mainiacjoe_overflow_alcove_1,
          mainiacjoe_overflow_catwalk_spiral, lair_entry_dummy,
          roderic_roman_lattice, kennysheep_generic_room_2, uniq_gastronok
D:10:     layout_long_grid, lemuel_crystal_altar,
          chequers_serial_rivers_small_b, kennysheep_generic_room_5, uniq_harold
D:11:     layout_irregular_city, nicolae_trove_entry_free_sample
D:12:     layout_irregular_city, serial_shops, nicolae_square_shop,
          kennysheep_mini, nicolae_shop_trees, shop, shop
D:13:     layout_roguey, gauntlet_entry_generic, grunt_qazlal_clouds
D:14:     layout_cave_pools, david_vaults_3, minmay_tree_intersection,
          minivault_10, einodemon_barbed_minivault
Lair:1:   statuecave_lemuel, layout_cave_pods, minivault_27,
          serial_bayou_crossing
Lair:2:   layout_hall_layers, nicolae_spider_entry_tight_spaces,
          hibernation_bobbens
Lair:3:   layout_cave_pods, elwin_shoals_entry_rocks
Lair:4:   layout_small_grid, slime_entry_1
Lair:5:   guppyfry_lair_end_dragon, layout_regular_city,
          ebering_ghost_reflecting_pool, minivault_24, serial_bayou_shore_a,
          grunt_megastairs_4, serial_bayou_shore_b, serial_bayou_shore_b,
          infiniplex_staircase_pool

Skill      XL: |  1  2  3  4  5  6  7  8  9 10 11 12 13 14 |
---------------+-------------------------------------------+-----
Axes           | 2 3 4 5 6 8 9 11 12 13 14 | 14.6
Armour         | 4 5 6 7 8 9 10 | 10.1
Shields        | 4 5 6 7 8 |  8.6
Evocations     | 1 2 3 4 5 6 7 8 9 |  9.5
Invocations    | 1 2 4 5 6 8 9 10 11 | 11.2
Fighting       | 4 5 6 7 8 9 10 | 10.5

Action                   |  1- 3 |  4- 6 |  7- 9 | 10-12 | 13-15 || total
-------------------------+-------+-------+-------+-------+-------++-------
Melee: War axe           |   126 |    93 |       |       |    30 ||   249
       Broad axe         |       |    20 |   218 |   504 |   468 ||  1210
       Headbutt          |       |       |       |       |   133 ||   133
       Bite              |       |       |       |       |    74 ||    74
Invok: Heroism           |       |       |       |       |     1 ||     1
  Use: Scroll            |     5 |     7 |     4 |    12 |     3 ||    31
       Potion            |       |       |       |     3 |    10 ||    13
 Stab: Confused          |       |       |       |       |     2 ||     2
Armor: Scale mail        |    88 |    64 |       |       |       ||   152
       Chain mail        |       |    29 |   233 |   601 |   550 ||  1413
Dodge: Dodged            |    75 |    68 |    92 |   280 |   390 ||   905
Block: Buckler           |    31 |    26 |    83 |   218 |   284 ||   642

Table legend: (Time is in decaauts)
 A = Elapsed time spent in this place.
 B = Non-inter-level travel time spent in this place.
 C = Inter-level travel time spent in this place.
 D = Time resting spent in this place.
 E = Time spent auto-exploring this place.
 F = Levels seen in this place.
 G = Mean time per level.
                   A        B        C        D        E       F      G
               +--------+--------+--------+--------+--------+-----+--------+
         Total |  18618 |  17960 |    658 |   2751 |  10901 |  20 |  930.9 |
       Dungeon |  12659 |  12141 |    518 |   1908 |   7358 |  14 |  904.2 |
          Lair |   5442 |   5302 |    140 |    584 |   3507 |   5 | 1088.4 |
      Gauntlet |    516 |    516 |      0 |    259 |     36 |   1 |  516.0 |
               +--------+--------+--------+--------+--------+-----+--------+

Top non-repeatable levels by time:
    D:13: 2093 daAuts
     D:3: 1316 daAuts
  Lair:4: 1260 daAuts
  Lair:1: 1207 daAuts
  Lair:5: 1190 daAuts
     D:9: 1120 daAuts
     D:4: 1055 daAuts
  Lair:3: 962 daAuts
     D:5: 935 daAuts
     D:6: 901 daAuts
     D:7: 854 daAuts
  Lair:2: 822 daAuts
    D:11: 803 daAuts
     D:8: 771 daAuts
     D:1: 750 daAuts
